 Dungeon Crawl Stone Soup version 0.24-a0-189-g5d897e9104 (webtiles) character file.

Game seed: 10714485854344701287

4950 PikkenKukken the Insei (level 10, -7/53 HPs)
             Began as a Vine Stalker Transmuter on Mar 16, 2019.
             Was a Follower of Makhleb.
             Mangled by an unseen horror (12 damage)
             ... on level 10 of the Dungeon.
             The game lasted 00:33:15 (10939 turns).

PikkenKukken the Insei (Vine Stalker Transmuter)   Turns: 10939, Time: 00:33:16

Health: -7/53      AC:  2    Str: 14    XL:     10   Next: 52%
Magic:  0/20       EV: 27    Int: 19    God:    Makhleb [*.....]
Gold:   671        SH:  0    Dex: 24    Spells: 7/21 levels left

rFire    + + .     SeeInvis +     - Unarmed
rCold    + . .     Gourm    .   (shield currently unavailable)
rNeg     . . .     Faith    .   (armour currently unavailable)
rPois    x         Spirit   +   (helmet currently unavailable)
rElec    .         Reflect  .   (cloak currently unavailable)
rCorr    .         Harm     .   (gloves currently unavailable)
MR       ++...                  (boots currently unavailable)
Stlth    ++........             k - amulet of regeneration
HPRegen  0.97/turn              B - ring of see invisible
MPRegen  0.17/turn              j - ring of Hodeng {rF++ rC+ MR+ Int+4 Dex+4}

@: spider-form, studying Fighting
A: tiny, repulsion field 1, regeneration 1, magic shield, no potion heal 3, rot
immunity, MP-powered wands
a: End Transformation, Renounce Religion


You were on level 10 of the Dungeon.
You worshipped Makhleb.
Makhleb was aware of your devotion.
You were not hungry.
You were a venomous arachnid creature.
You visited 2 branches of the dungeon, and saw 11 of its levels.

You collected 671 gold pieces.

Inventory:

Missiles
 a - 91 arrows
 f - 2 javelins (quivered)
Armour
 b - a +1 robe (melded)
 r - a +0 helmet (melded)
 u - a +0 pair of gloves (melded)
 x - a scarf of resistance (melded)
Jewellery
 g - an uncursed ring of protection from magic
 j - the ring of Hodeng (right front leg) {rF++ rC+ MR+ Int+4 Dex+4}
   (You found it on level 7 of the Dungeon)

   [ring of protection from cold]

   It affects your intelligence (+4).
   It affects your dexterity (+4).
   It greatly protects you from fire.
   It protects you from cold.
   It affects your resistance to hostile enchantments.
 k - an amulet of regeneration (around neck)
 w - an uncursed ring of flight
 B - a ring of see invisible (left front leg)
Wands
 h - a wand of digging (13)
 q - a wand of disintegration (10)
 E - a wand of paralysis (3)
 G - a wand of flame (22)
Scrolls
 l - 3 scrolls of enchant armour
 o - 6 scrolls of teleportation
 p - 6 scrolls of remove curse
 y - 2 scrolls of magic mapping
 A - 2 scrolls of immolation
Potions
 c - 2 potions of ambrosia
 e - a potion of brilliance
 i - a potion of resistance
 m - a potion of flight
 n - a potion of lignification {unknown}
 t - 2 potions of haste
 C - 4 potions of curing
 F - a potion of invisibility
Books
 z - a manual of Fighting
Comestibles
 d - 21 rations
 s - 12 chunks of flesh


   Skills:
 - Level 6.0 Fighting
 + Level 4.5 Armour
 + Level 5.0 Dodging
 + Level 7.4 Unarmed Combat
 - Level 6.1 Spellcasting
 - Level 3.0 Charms
 - Level 3.4 Necromancy
 + Level 5.5 Transmutations
 - Level 1.0 Poison Magic
 - Level 2.1 Invocations


You had 7 spell levels left.
You knew the following spells:

 Your Spells              Type           Power        Failure   Level  Hunger
a - Beastly Appendage     Tmut           ####..       5%          1    None
b - Sticks to Snakes      Tmut           ####....     8%          2    None
c - Spider Form           Tmut/Pois      ###.......   22%         3    ##.....
d - Regeneration          Chrm/Necr      ###.......   22%         3    ##.....
e - Blade Hands           Tmut           ####......   54%         5    #####..

Your spell library contained the following spells:

 Spells                   Type           Power        Failure   Level  Hunger
 Infusion                 Chrm           ###.         11%         1    None
 Song of Slaying          Chrm           ###.....     14%         2    None
 Shroud of Golubria       Chrm/Tloc      ##........   22%         2    None
 Swiftness                Chrm/Air       ##......     22%         2    None
 Shock                    Conj/Air       #...         26%         1    None
 Spectral Weapon          Hex/Chrm       ##......     38%         3    ##.....
 Static Discharge         Conj/Air       #.......     54%         3    ##.....
 Ice Form                 Ice/Tmut       ###.....     56%         4    ####...
 Airstrike                Air            #.........   88%         4    ####...
 Lightning Bolt           Conj/Air       #.........   99%         5    #####..


Dungeon Overview and Level Annotations

Branches:
Dungeon (10/15)            Temple (1/1) D:6            Lair (0/6) D:9
    Orc: D:9-12

Altars:
Ashenzari
Cheibriados
Dithmenos
Elyvilon
Fedhas
Gozag
Hepliaklqana
Kikubaaqudgha
Makhleb
Nemelex Xobeh
Okawaru
Qazlal
Ru
Sif Muna
Trog
Uskayaw
Vehumet
Wu Jian
Xom
Yredelemnul
Zin
The Shining One

Annotations:
D:6 exclusion: electric eel
D:7 3 runed translucent doors, Finguili's ghost, novice MfTm
D:8 Harold
D:10 1 exclusion


Innate Abilities, Weirdness & Mutations

((You have razor-sharp teeth.))
Your natural rate of healing is unusually fast.
When hurt, damage is shared between your health and your magic reserves.
((Your bite disrupts and absorbs the magic of your enemies.))
Potions cannot restore your health.
You are immune to rotting.
You are surrounded by a mild repulsion field. (EV +2)
You expend magic power (3 MP) to strengthen your wands.


Message History

* * * LOW HITPOINT WARNING * * *
The unseen horror closely misses your water moccasin.
Your ball python barely misses the unseen horror.
You hit the unseen horror but do no damage.
The unseen horror is poisoned.
The unseen horror is lightly wounded.
The unseen horror completely misses you.
Your water moccasin closely misses the unseen horror.
Unknown command.
Unknown command.
You bite the unseen horror!
The unseen horror looks as sick as possible!
The unseen horror is severely wounded.
The unseen horror completely misses you.
The unseen horror closely misses you. The unseen horror hits you.
* * * LOW HITPOINT WARNING * * *
You hit the unseen horror.
The unseen horror is severely wounded.
The unseen horror hits you!
You die...

##.##.#.# #.#.=.#.#.# #.
..[#.#.# #. . #.##.##.#.##
#.# #.
#..#.#..#..#+#..#..#+#..
#.......'.......+.......
##...[.###.8.8.###..8..# #
##.S.##.##...##.##...##
#.$.#.S.#s..#######.#...#.
#....SSSx....#####......
#..#..S.........##÷..÷..
##.#................####
###.................#
#.............#...##
#............##....##
#.....#....####....##
#....[###### #....).


You could see an unseen horror (invisible), a friendly water moccasin and 3
friendly ball pythons.

Vanquished Creatures
  A two-headed ogre (D:7)
  Psyche (D:8)
  Prince Ribbit (D:6)
  A hippogriff (D:7)
  5 yaks (D:9)
  A hungry ghost (D:10)
  Menkaure (D:5)
  A sky beast (D:7)
  An ice beast (D:10)
  A black bear (D:4)
  A phantom (D:7)
  4 centaurs
  2 ogres
  A big kobold (D:8)
  A bullfrog (D:7)
  2 scorpions
  A jelly (D:8)
  8 killer bees
  5 wights (D:6)
  4 howler monkeys
  2 crimson imps
  A bullfrog zombie (D:9)
  2 centaur zombies
  A bullfrog skeleton (D:7)
  A centaur skeleton (D:8)
  2 hounds (D:10)
  5 orc priests
  8 orc wizards
  Jessica (D:2)
  6 worker ants
  2 human simulacra (D:9)
  A hound zombie (D:8)
  A hound skeleton (D:4)
  A worker ant zombie (D:7)
  3 gnolls (D:5)
  10 adders
  2 shadow imps
  An ooze (D:3)
  An adder zombie (D:8)
  4 worms
  A dart slug (D:2)
  5 leopard geckos
  25 orcs
  3 giant cockroaches
  7 hobgoblins
  3 jackals (D:2)
  6 kobolds
  3 quokkas
  2 ball pythons (D:2)
  A ball python skeleton (D:5)
  5 bats
  5 frilled lizards
  6 goblins
  A goblin skeleton (D:8)
  A goblin zombie (D:8)
  4 hobgoblin zombies (D:8)
  2 kobold zombies (D:8)
  3 orc skeletons (D:8)
  4 rats
  A spectral orc (D:5)
186 creatures vanquished.

Vanquished Creatures (collateral kills)
  A killer bee (D:7)
  An orc wizard (D:8)
  An adder (D:5)
  2 worms
  A kobold (D:2)
6 creatures vanquished.

Grand Total: 192 creatures vanquished

Notes
Turn   | Place    | Note
-------+----------+-------------------------------------------
     0 | D:1      | PikkenKukken the Vine Stalker Transmuter began the quest
                  | for the Orb.
     0 | D:1      | Reached XP level 1. HP: 9/9 MP: 4/4
    25 | D:1      | Reached skill level 1 in Fighting
   492 | D:1      | Reached XP level 2. HP: 14/14 MP: 6/6
   496 | D:1      | Learned a level 2 spell: Sticks to Snakes
  1440 | D:2      | Reached XP level 3. HP: 9/18 MP: 5/7
  1615 | D:2      | Noticed Jessica
  1621 | D:2      | Killed Jessica
  1727 | D:2      | Found a radiant altar of Vehumet.
  1762 | D:2      | Learned a level 3 spell: Spider Form
  1838 | D:2      | Gained mutation: Your natural rate of healing is unusually
                  | fast. [Vine Stalker growth]
  1838 | D:2      | Reached XP level 4. HP: 20/23 MP: 9/9
  2268 | D:3      | Reached skill level 1 in Poison Magic
  2647 | D:3      | Reached XP level 5. HP: 17/26 MP: 4/11
  3281 | D:4      | Found a bloodstained altar of Trog.
  3390 | D:4      | Reached XP level 6. HP: 25/30 MP: 6/13
  3594 | D:4      | Found a blossoming altar of Fedhas.
  3682 | D:4      | Found a deep blue altar of Sif Muna.
  3798 | D:4      | Noticed a black bear
  3820 | D:4      | Killed a black bear
  3820 | D:4      | Reached skill level 4 in Unarmed Combat
  3820 | D:4      | Reached skill level 5 in Spellcasting
  3820 | D:4      | Reached XP level 7. HP: 20/35 MP: 3/15
  3825 | D:4      | HP: 1/35 [centaur (6)]
  4367 | D:5      | Entered Level 5 of the Dungeon
  4418 | D:5      | Learned a level 3 spell: Regeneration
  4899 | D:5      | Found a basalt altar of Yredelemnul.
  4933 | D:5      | Noticed Menkaure
  4950 | D:5      | Killed Menkaure
  4950 | D:5      | Reached skill level 1 in Armour
  4950 | D:5      | Reached skill level 5 in Unarmed Combat
  4950 | D:5      | Reached skill level 1 in Necromancy
  4950 | D:5      | Gained mutation: You have razor-sharp teeth. [Vine Stalker
                  | growth]
  4950 | D:5      | Reached XP level 8. HP: 21/42 MP: 7/17
  5202 | D:6      | Found a staircase to the Ecumenical Temple.
  5230 | Temple   | Entered the Ecumenical Temple
  5475 | D:6      | Found a deep blue altar of Sif Muna.
  5475 | D:6      | Noticed Prince Ribbit
  5492 | D:6      | Killed Prince Ribbit
  5769 | D:6      | Gained mutation: You expend magic power (3 MP) to
                  | strengthen your wands. [potion of mutation]
  5769 | D:6      | Gained mutation: You are surrounded by a mild repulsion
                  | field. (EV +2) [potion of mutation]
  5786 | D:6      | Reached skill level 5 in Fighting
  5841 | D:6      | Found a hide-covered altar of Uskayaw.
  5954 | D:6      | Found a stormy altar of Qazlal.
  6477 | D:7      | Noticed a hippogriff
  6496 | D:7      | Killed a hippogriff
  6496 | D:7      | Reached XP level 9. HP: 29/47 MP: 8/19
  6673 | D:7      | Got a smoking marble ring
  6675 | D:7      | Identified the ring of Hodeng {rF++ rC+ MR+ Int+4 Dex+4}
                  | (You found it on level 7 of the Dungeon)
  6692 | D:7      | Found a shattered altar of Ashenzari.
  6995 | D:7      | Reached skill level 6 in Unarmed Combat
  7624 | D:7      | Reached skill level 1 in Charms
  7685 | D:7      | Found a runed translucent gate.
  7685 | D:7      | Found a runed translucent gate.
  7686 | D:7      | Found a runed translucent gate.
  7698 | D:7      | Noticed Finguili's ghost (novice MfTm)
  7862 | D:8      | Found a glowing golden altar of the Shining One.
  7991 | D:8      | Noticed Psyche
  8021 | D:8      | Killed Psyche
  8151 | D:8      | Found a burning altar of Makhleb.
  8153 | D:8      | Noticed a green death
  8155 | D:8      | Found a glowing silver altar of Zin.
  8155 | D:8      | Noticed an angel
  8158 | D:8      | Became a worshipper of Makhleb the Destroyer
  8336 | D:8      | Found a sacrificial altar of Ru.
  8336 | D:8      | Noticed a two-headed ogre
  8476 | D:7      | Killed a two-headed ogre
  8476 | D:7      | Reached skill level 1 in Invocations
  8476 | D:7      | Reached XP level 10. HP: 50/53 MP: 6/20
  8642 | D:8      | Found a shadowy altar of Dithmenos.
  9338 | D:8      | HP: 1/53 [troll (8)]
  9469 | D:7      | Learned a level 5 spell: Blade Hands
  9664 | D:9      | Reached * piety under Makhleb
  9757 | D:9      | Noticed Harold
 10102 | D:9      | Found a staircase to the Lair.
 10209 | D:9      | Reached skill level 7 in Unarmed Combat
 10209 | D:9      | Reached skill level 5 in Transmutations
 10587 | D:10     | Entered Level 10 of the Dungeon
 10828 | D:10     | Reached skill level 5 in Dodging
 10921 | D:10     | Noticed an unseen horror
 10939 | D:10     | Mangled by an unseen horror

Levels and vault maps discovered:
D:1:      erik_arrival_cave_to_civilisation [erik_arrival_cave_to_hall],
          layout_basic
D:2:      layout_basic, fiery_altar_vehumet, serial_glass, glass_columns_a,
          glass_columns_a, first_ration, uniq_jessica
D:3:      layout_loops_ring
D:4:      layout_loops_ring, tgw_sif, lightli_temple_of_fire,
          lemuel_crystal_altar, minmay_manual_mares
D:5:      layout_rooms, yredelemnul_forgotten_temple_becter,
          kennysheep_windowed_goal, uniq_menkaure
D:6:      layout_loops_cross, lemuel_coloured_pillars_altar,
          grunt_qazlal_sundering, minmay_temple_entry_junction, basic_altar,
          chequers_serial_rivers_room_b, skrybe_limestone_x,
          nicolae_lava_and_water, minivault_11, uniq_prince_ribbit1
D:7:      layout_basic, nicolae_ashenzari_panopticon, ebering_ghost_rock_garden
D:8:      layout_loops_ring, grunt_temple_overflow_order_and_chaos_2,
          grunt_dithmenos_smoke, nicolae_ru_great_annihilating_truth,
          blue_anna_alchemist [blue_anna_fruit_fields, blue_anna_fruit_fields],
          nicolae_tso_besieged_by_evil, uniq_psyche
D:9:      layout_long_grid, lair_entry_dummy, bh_circular_ruins, uniq_harold
D:10:     layout_cave_pods, david_orc_1_choice, fedhas_altar_decomposition
Temple:   compressed_dpeg_circular_temple

Skill      XL: |  1  2  3  4  5  6  7  8  9 10 |
---------------+-------------------------------+-----
Fighting       | 1 2 4 5 6 |  6.0
Spellcasting   | 3 4 5 6 |  6.1
Poison Magic   | 1 |  1.0
Transmutations | 3 4 5 |  5.5
Unarmed Combat | 4 5 6 7 |  7.4
Armour         | 1 2 3 4 |  4.5
Dodging        | 2 3 4 5 |  5.0
Necromancy     | 1 3 |  3.4
Charms         | 2 3 |  3.0
Invocations    | 1 2 |  2.1

Action                   |  1- 3 |  4- 6 |  7- 9 | 10-12 || total
-------------------------+-------+-------+-------+-------++-------
Melee: Unarmed           |    70 |   140 |   355 |   189 ||   754
       Bite              |    13 |    19 |    46 |    27 ||   105
       Kick              |     7 |     7 |     5 |       ||    19
       Headbutt          |     4 |       |       |       ||     4
       Punch             |     1 |       |     4 |     4 ||     9
Throw: Javelin           |       |     2 |       |       ||     2
 Cast: Beastly Appendage |    13 |     5 |     4 |       ||    22
       Sticks to Snakes  |     3 |     6 |    38 |    20 ||    67
       Spider Form       |       |    14 |    34 |     9 ||    57
       Regeneration      |       |       |     1 |       ||     1
Evoke: Wand              |       |       |       |     3 ||     3
  Use: Scroll            |     6 |     1 |     4 |     1 ||    12
       Potion            |       |       |     9 |       ||     9
 Stab: Sleeping          |       |     1 |       |       ||     1
       Distracted        |       |       |       |     1 ||     1
       Paralysed         |       |       |       |     1 ||     1
  Eat: Chunk             |     3 |     7 |     6 |     5 ||    21
       Ration            |       |       |     4 |     1 ||     5
Armor: Robe              |    11 |     8 |    15 |    17 ||    51
       Skin              |       |     2 |     7 |     2 ||    11
Dodge: Dodged            |    64 |    84 |   335 |   153 ||   636

Table legend:
 A = Non-vault XP
 B = Vault XP
 C = Vault XP percentage of total XP
 D = Non-vault monster count
 E = Vault monster count
 F = Vault count percentage of total count
                 A         B        C        D         E       F
            +---------+---------+-------+---------+---------+-------
      Total |    5853 |    1219 |  17.2 |     162 |      30 |  15.6
            +---------+---------+-------+---------+---------+-------
        D:1 |      14 |       3 |  17.6 |       9 |       2 |  18.2
        D:2 |      44 |      31 |  41.3 |      20 |       1 |   4.8
        D:3 |      95 |       0 |   0.0 |      24 |       0 |   0.0
        D:4 |     506 |     231 |  31.3 |      19 |       2 |   9.5
        D:5 |     216 |     176 |  44.9 |      13 |       2 |  13.3
        D:6 |     958 |     286 |  23.0 |      18 |       1 |   5.3
        D:7 |    1525 |      14 |   0.9 |      18 |       1 |   5.3
        D:8 |     456 |     429 |  48.5 |      13 |      17 |  56.7
        D:9 |    1402 |      43 |   3.0 |      16 |       2 |  11.1
       D:10 |     637 |       6 |   0.9 |      12 |       2 |  14.3
            +---------+---------+-------+---------+---------+-------
